 Dungeon Crawl Stone Soup version 0.25-a0-547-g27a0b5d (webtiles) character file.

Game seed: 17030797828893824874, levelgen mode: deterministic

135 b5mith the Skirmisher (level 4, 0/45 HPs)
             Began as a Minotaur Berserker on Feb 22, 2020.
             Was a Believer of Trog.
             Slain by an ogre
             ... wielding a cursed -1 giant club
              (13 damage)
             ... on level 3 of the Dungeon.
             The game lasted 00:04:14 (1923 turns).

b5mith the Skirmisher (Minotaur Berserker)          Turns: 1923, Time: 00:04:14

Health: 0/45       AC:  6    Str: 22    XL:     4   Next: 96%
Magic:  3/3        EV: 11    Int:  4    God:    Trog [**....]
Gold:   104        SH:  0    Dex: 14    Spells: 3/3 levels left

rFire    . . .     SeeInvis .   a - +0 mace
rCold    . . .     Gourm    .   (no shield)
rNeg     . . .     Faith    .   k - +0 scale mail
rPois    .         Spirit   .   (helmet restricted)
rElec    .         Reflect  .   (no cloak)
rCorr    .         Harm     .   (no gloves)
MR       +....                  (no boots)
Stlth    ..........             (no amulet)
HPRegen  0.15/turn              s - ring of protection from magic
MPRegen  0.08/turn              g - +4 ring of dexterity

@: no status effects
A: retaliatory headbutt, horns 2
a: Berserk, Trog's Hand, Renounce Religion


You were on level 3 of the Dungeon.
You worshipped Trog.
Trog was pleased with you.
You were not hungry.

You visited 1 branch of the dungeon, and saw 3 of its levels.

You collected 104 gold pieces.

Inventory:

Hand Weapons
 a - a +0 mace (weapon)
Armour
 b - a +0 animal skin
 k - a +0 scale mail (worn)
   (You found it on level 1 of the Dungeon)
Jewellery
 e - an uncursed ring of ice
   (You found it on level 1 of the Dungeon)
 g - a +4 ring of dexterity (right hand)
   (You found it on level 1 of the Dungeon)
 s - a ring of protection from magic (left hand)
   (You found it on level 2 of the Dungeon)
 t - a +3 ring of intelligence
   (You took it off a kobold on level 2 of the Dungeon)
 u - an uncursed amulet of guardian spirit
   (You took it off a hobgoblin on level 2 of the Dungeon)
Scrolls
 h - a scroll of enchant armour {unknown}
 l - a scroll of remove curse {unknown}
 m - a scroll of immolation {unknown}
 o - a scroll of teleportation {unknown}
 w - a scroll of enchant weapon {unknown}
 y - 3 scrolls of identify {unknown}
 A - a scroll of blinking {unknown}
Potions
 d - a potion of stabbing {unknown}
 f - 2 potions of resistance {unknown}
 i - a potion of flight {unknown}
 n - a potion of mutation {unknown}
 p - a potion of degeneration {unknown}
 q - a potion of magic {unknown}
 r - a potion of haste {unknown}
 v - a potion of curing {unknown}
 x - a potion of heal wounds {unknown}
 z - a potion of brilliance {unknown}
 B - a potion of cancellation {unknown}
Comestibles
 c - 7 rations
 j - 3 chunks of flesh


   Skills:
 + Level 6.9 Fighting
 - Level 3.6 Maces & Flails
 - Level 2.4 Armour
 - Level 2.1 Dodging


You had 3 spell levels left.
You didn't know any spells.
Your spell library was empty.

Dungeon Overview and Level Annotations

Branches:
Dungeon (3/15)

Altars:


Innate Abilities, Weirdness & Mutations

You reflexively headbutt those who attack you in melee.
You have a pair of horns on your head.


Message History

No target in view!
No target in view!
No target in view!
Some of the chunks of flesh in your inventory have rotted away.
There is a stone staircase leading up, spattered with blood here.
You see here a +0 hand axe.
Some of the chunks of flesh in your inventory have rotted away.
Found a club.
You see here a club.
Some of the chunks of flesh in your inventory have rotted away.
You now have 104 gold pieces (gained 13).
An adder comes into view.
The adder hisses angrily.
You barely miss the adder. The adder bites you but does no damage.
You sock the adder! You headbutt the adder.
You kill the adder!
Trog accepts your kill.
You see here an adder corpse.
You butcher the adder corpse.
j - 3 chunks of flesh (gained 1)
You see here an adder skeleton.
Found 13 stones.
No target in view!
A bat comes into view.
You see here a murky yellow potion.
f - 2 murky yellow potions (gained 1)
The bat misses you. You furiously retaliate!
You headbutt the bat!
You kill the bat!
Trog accepts your kill.
No target in view!
No target in view!
No target in view!
No target in view!
Found an escape hatch in the floor.
No target in view!
An ogre comes into view. It is wielding a -1 giant club.
The ogre shouts!
Found a scroll labeled GIAH CEUXO.
You thump the ogre!
The ogre is moderately wounded.
The ogre hits you with a cursed -1 giant club!
You hit the ogre but do no damage.
The ogre is moderately wounded.
The ogre hits you with a cursed -1 giant club!!
* * * LOW HITPOINT WARNING * * *
You are too injured to fight recklessly!
You sock the ogre!
The ogre is heavily wounded.
The ogre hits you with a cursed -1 giant club!
You die...

# #.......#
.?#.#####.# #.#.#
####.#.###
#...>....###.####
...##.#.#.........
#....####.###.
#.........#
#O@..####.#
#......#.##
########.# #.# #+#


You could see an ogre.

Vanquished Creatures
  Natasha (twice) (D:3)
  3 adders (D:3)
  An ooze (D:3)
  3 worms (D:2)
  A leopard gecko (D:2)
  An orc (D:3)
  4 bats
  3 giant cockroaches (D:2)
  4 goblins
  4 hobgoblins
  3 jackals (D:2)
  3 quokkas (D:2)
  4 frilled lizards
  4 kobolds
  9 rats
49 creatures vanquished.

Notes
Turn   | Place    | Note
-------+----------+-------------------------------------------
     0 | D:1      | b5mith the Minotaur Berserker began the quest for the Orb.
     0 | D:1      | Reached XP level 1. HP: 19/19 MP: 0/0
   501 | D:1      | Reached skill level 4 in Fighting
   765 | D:2      | Reached XP level 2. HP: 25/28 MP: 1/1
   931 | D:2      | Reached skill level 5 in Fighting
   949 | D:2      | Reached XP level 3. HP: 23/36 MP: 2/2
  1149 | D:2      | Reached ** piety under Trog
  1548 | D:3      | Noticed Natasha
  1553 | D:3      | Killed Natasha
  1553 | D:3      | Reached skill level 6 in Fighting
  1553 | D:3      | Reached XP level 4. HP: 29/44 MP: 3/3
  1667 | D:3      | Noticed Natasha
  1675 | D:3      | Killed Natasha
  1917 | D:3      | Noticed an ogre
  1923 | D:3      | Slain by an ogre

Levels and vault maps discovered:
D:1:      roderic_octagonal_star, layout_basic
D:2:      layout_basic
D:3:      layout_loops_corners, uniq_jessica, uniq_natasha

Skill      XL: |  1  2  3 |
---------------+----------+-----
Fighting       | 4 5 6 |  6.9
Maces & Flails | |  3.6
Armour         | |  2.4
Dodging        | |  2.1

Action                   |  1- 3 |  4- 6 || total
-------------------------+-------+-------++-------
Melee: Mace              |    78 |    23 ||   101
       Headbutt          |    16 |     3 ||    19
  Eat: Chunk             |     2 |     1 ||     3
Armor: Scale mail        |    39 |     8 ||    47
Dodge: Dodged            |    39 |    14 ||    53

Table legend:
 A = Non-vault XP
 B = Vault XP
 C = Vault XP percentage of total XP
 D = Non-vault monster count
 E = Vault monster count
 F = Vault count percentage of total count
                 A         B        C        D         E       F
            +---------+---------+-------+---------+---------+-------
      Total |     158 |      35 |  18.1 |      48 |       1 |   2.0
            +---------+---------+-------+---------+---------+-------
        D:1 |       8 |       0 |   0.0 |       7 |       0 |   0.0
        D:2 |      53 |       0 |   0.0 |      25 |       0 |   0.0
        D:3 |      97 |      35 |  26.5 |      16 |       1 |   5.9
            +---------+---------+-------+---------+---------+-------
